Unix NetHack Version 3.7.0-88 Work-in-progress - last build Aug 6 2023 13:40:22 (5c9c4c7fffe0d5f0a8b1342c2a36a56ed743986a,branch:master). Game began 2023-08-15 19:53:01, ended 2023-08-16 09:16:13. puncake, chaotic male orcish Rogue ------- ----- |.....|-- ------...| |.....+.| |........| --|.....|-| |.....0..| |.+.....+.| ----.------- |.|.....|-| --.0...0.0.| |.|.....+.| |....0.....| |.|.....|-- |...0.0.0..| |.|------ --------.----- |.| |........0...| |.| |.0.0..0.0...| |.| |----.-------- |.| |.0.0.0m0.0.| |.| |.....@.....| |.| ------.------- |.----------------.......| |.^^^^=^^^^^^^^^^^......>| -------------------------- Puncake the Rogue St:14 Dx:17 Co:16 In:10 Wi:14 Ch:8 Chaotic S:2523 Dlvl:2 $:107 HP:0(42) Pw:21(21) AC:5 Xp:6/539 T:6911 Latest messages: The dog misses the violet fungus. The dog bites the violet fungus. The violet fungus is killed! What do you want to drop? You drop a cum. What do you want to drop? You drop 2 food rations. Your movements are now unencumbered. You swap places with your dog. O - a fortune cookie. What do you want to eat? This fortune cookie is delicious! This cookie has a scrap of paper inside. It reads: Death is just life's way of telling you you've been fired. You see here a violet fungus corpse. You are carrying too much to get through. You swap places with your dog. The tengu bites! The dog misses the homunculus. The tengu bites! You hit the tengu! The tengu bites! You hit the tengu! The tengu bites! The tengu bites! You hit the tengu! The tengu bites! You hit the tengu! The tengu bites! What do you want to drink? You feel better. The tengu bites! You kill the tengu! You climb up the stairs. You swap places with your dog. Wait! That's a giant mimic! You cannot escape from the giant mimic! The dog eats a tripe ration. You cannot escape from the giant mimic! The giant mimic hits! The giant mimic hits again! In what direction? You throw 2 orcish daggers. The 1st orcish dagger hits the giant mimic. The 2nd orcish dagger hits the giant mimic. The giant mimic hits! The giant mimic hits again! You die... Do you want to see the dungeon overview? q Inventory: Coins $ - 107 gold pieces Weapons u - an uncursed +1 dart B - 2 uncursed +0 daggers (wielded) E - 7 uncursed +0 orcish daggers (at the ready) b - an uncursed corroded +0 orcish dagger (alternate weapon; not wielded) Armor G - an uncursed +0 pair of iron shoes (being worn) n - an uncursed +0 Hawaiian shirt with a hibiscus flower motif (being worn) c - an uncursed +1 leather armor (being worn) Comestibles z - 2 uncursed eucalyptus leaves i - 8 uncursed food rations J - an uncursed lembas wafer l - 3 uncursed eggs Scrolls L - 2 uncursed scrolls of earth k - a cursed scroll of genocide Potions p - an uncursed potion of fruit juice v - an uncursed potion of healing t - 2 uncursed potions of invisibility D - an uncursed potion of see invisible d - an uncursed potion of sickness K - an uncursed potion of sleeping Rings o - an uncursed ring of searching r - an uncursed ring of stealth H - an uncursed ring of sustain ability N - an uncursed ring of sustain ability Wands I - an uncursed wand of light (0:13) y - an uncursed wand of lightning (0:6) q - an uncursed wand of make invisible (0:1) F - an uncursed wand of nothing (0:3) s - an uncursed wand of slow monster (0:6) Tools f - an empty uncursed sack w - an uncursed brass lantern e - an uncursed lock pick C - an uncursed tin opener Puncake the Rogue's attributes: Background: You were a Rogue, level 6 male orc. You were chaotic, on a mission for Kos who was opposed by Issek (lawful) and Mog (neutral). You were in Sokoban, on level 2. You entered the dungeon 6911 turns ago. There was a new moon in effect when your adventure ended. You had 539 experience points, 101 more were needed to attain level 7. Your score was 2523 before end-of-game adjustments. Basics: You had 0 out of 42 hit points. You had all 21 energy points (spell power). Your armor class was 5. Your wallet contained 107 zorkmids. Autopickup was on for '%$?!/="+' plus thrown, with exceptions. Final Characteristics: Your strength was 14 (limit:18/50). Your dexterity was 17 (peak:18, limit:18). Your constitution was 16 (limit:18). Your intelligence was 10 (limit:16). Your wisdom was 14 (limit:16). Your charisma was 8 (limit:16). Final Status: You were held by a giant mimic (northeast). You were not hungry. You were unencumbered. You were wielding daggers. You had expert skill with dagger. Final Attributes: You were piously aligned. You were poison resistant. You were telepathic. You had infravision. You were stealthy. You were warded. You are dead. Miscellaneous: You never encountered a bones level. Total elapsed playing time was 49 minutes and 12 seconds. Major events: Turn 1: puncake the chaotic male orcish Rogue entered the dungeon 537: entered the Gnomish Mines 1231: attained the rank of Cutpurse (level 3) 4162: attained the rank of Rogue (level 6) 4472: entered Sokoban 5315: completed 1st Sokoban level 5977: completed 2nd Sokoban level 6675: completed 3rd Sokoban level 6911: killed by a giant mimic Vanquished creatures: a tengu a leather golem a giant beetle a black light a soldier ant a rock piercer a pony a fog cloud a violet fungus a gnome leader a gnomish wizard a guardian naga hatchling a gray ooze an elf zombie a little dog 3 floating eyes 2 dwarves 2 kobold leaders 3 rothes 4 orc zombies 2 dwarf zombies a werejackal 5 iguanas 2 killer bees an acid blob 4 coyotes 4 gas spores a hobbit 2 large kobolds a hobgoblin 3 giant rats 4 cave spiders a red mold a gnome zombie 6 geckos 5 jackals a fox 3 kobolds a goblin 3 sewer rats 2 grid bugs 6 lichens 5 newts 93 creatures vanquished. No species were genocided or became extinct. Voluntary challenges: You read items or engraved 7 times. You engraved Elbereth 4 times. You never genocided any monsters. You never polymorphed an object. You never changed form. You used no wishes. You did not violate any of the special Sokoban rules. Achievements: You entered a shop. You entered the Gnomish Mines. You attained the rank of Cutpurse. You attained the rank of Rogue. You entered Sokoban. The Dungeons of Doom: levels 1 to 6 Level 1: A fountain. Level 2: A delicatessen. Stairs down to The Gnomish Mines. Level 3: Level 4: A fountain. Level 5: Many fountains. Level 6: An altar, some fountains. Stairs up to Sokoban, level 5. The Gnomish Mines: Level 3: Sokoban: levels 5 up to 2 Level 2: <- You were here. Unsolved. Final resting place for you, killed by a giant mimic. Level 3: Solved. Level 4: Solved. Level 5: Solved. Game over: ---------- / \ / REST \ / IN \ / PEACE \ / \ | puncake | | 107 Au | | killed by a | | giant mimic | | | | | | 2023 | *| * * * | * _________)/\\_//(\/(/\)/\//\/|_)_______ Goodbye puncake the Rogue... You died in Sokoban on dungeon level 2 with 2513 points, and 107 pieces of gold, after 6911 moves. You were level 6 with a maximum of 42 hit points when you died.